Map: Moondance

Players

ShowDown - Winner!

  • Race: Protoss Protoss
  • League: Master
  • Spawn Location: 6:00

Forty

  • Race: Protoss Protoss
  • League: Master
  • Spawn Location: 12:00

VOD

Have the link to the VOD?

Description

Time

  • Played on: Nov. 27, 2022, 10:40 a.m.
  • Length: 8:02
Show
View Real Time Build Order
Export as new Build Order

ShowDown Protoss - Winner!

Build Orders: Phoenix Opening 

Get SALT Encoding   

  12  0:00  Probe  
  13  0:12  Probe  
  14  0:19  Pylon  
  14  0:24  Probe  
  15  0:37  Gateway, Probe (Chrono Boost)  
  16  0:47  Assimilator, Probe (Chrono Boost)  
  17  0:52  Probe (Chrono Boost)  
  17  0:56  Assimilator  
  18  1:03  Probe (Chrono Boost)  
  19  1:08  Gateway  
  19  1:15  Probe (Chrono Boost)  
  20  1:20  Probe (Chrono Boost)  
  20  1:25  Cybernetics Core  
  21  1:30  Probe  
  22  1:35  Pylon  
  22  1:42  Probe  
  24  1:54  Probe  
  24  2:01  Stalker  
  24  2:02  Sentry, Warp Gate  
  24  2:06  Probe  
  29  2:13  Pylon  
  29  2:18  Probe  
  30  2:31  Stalker, Pylon  
  30  2:36  Stalker  
  34  2:38  Phoenix  
  33  2:54  Nexus  
  33  3:01  Shield Battery  
  33  3:05  Sentry  
  35  3:07  Sentry  
  37  3:17  Pylon  
  37  3:18  Probe  
  38  3:26  Robotics Facility  
  38  3:30  Probe  
  39  3:42  Probe  
  40  3:54  Probe (Chrono Boost)  
  41  3:58  Adept  
  41  3:59  Adept  
  45  4:06  Probe (Chrono Boost)  
  47  4:12  Immortal (Chrono Boost), Probe (Chrono Boost)  
  47  4:14  Probe (Chrono Boost)  
  52  4:20  Probe (Chrono Boost)  
  54  4:24  Probe (Chrono Boost)  
  54  4:25  Probe (Chrono Boost)  
  54  4:26  Shield Battery  
  54  4:30  Stalker  
  57  4:34  Probe  
  57  4:36  Pylon  
  58  4:38  Probe  
  59  4:46  Probe  
  59  4:50  Probe  
  61  4:55  Immortal  
  65  5:01  Twilight Council  
  65  5:03  Stalker  
  65  5:05  Stalker  
  69  5:15  Forge  
  69  5:19  Gateway  
  69  5:20  Probe  
  70  5:23  Probe  
  69  5:31  Assimilator  
  69  5:32  Pylon, Probe  
  69  5:34  Blink (Chrono Boost)  
  70  5:38  Stalker  
  70  5:41  Pylon  
  70  5:46  Protoss Ground Weapons Level 1 (Chrono Boost)  
  70  5:50  Warp Prism  
  72  5:59  Gateway  
  72  6:00  Gateway  
  72  6:09  Gateway  
  72  6:15  Pylon  
  72  6:18  Gateway  
  72  6:19  Stalker  
  72  6:23  Stalker  
  76  6:26  Observer  
  76  6:27  Stalker  
  79  6:43  Stalker  
  79  6:45  Pylon  
  81  6:48  Immortal  
  81  6:51  Stalker  
  81  6:52  Stalker  
  89  6:58  Pylon  
  89  7:00  Pylon  
  89  7:02  Stalker  
  91  7:10  Stalker  
  91  7:14  Pylon, Observer  
  93  7:25  Pylon  
  93  7:32  Stalker  
  93  7:33  Stalker x3  
  101  7:43  Stalker x2  
  105  7:57  Stalker x2  
  99  8:02  Zealot x2  
Show
View Real Time Build Order
Export as new Build Order

Forty Protoss 

Build Orders: Blink Stalkers 

Get SALT Encoding   

  12  0:00  Probe  
  13  0:12  Probe  
  14  0:19  Pylon  
  14  0:24  Probe (Chrono Boost)  
  15  0:38  Probe (Chrono Boost), Gateway  
  16  0:44  Probe (Chrono Boost)  
  16  0:46  Assimilator  
  17  0:52  Probe  
  17  0:54  Assimilator  
  18  1:04  Probe (Chrono Boost)  
  18  1:07  Gateway  
  19  1:16  Probe (Chrono Boost)  
  20  1:21  Probe (Chrono Boost)  
  20  1:24  Cybernetics Core  
  21  1:31  Probe  
  22  1:33  Pylon  
  22  1:43  Probe  
  23  1:55  Probe  
  23  2:00  Stalker x2  
  28  2:01  Warp Gate  
  28  2:16  Pylon  
  28  2:28  Pylon  
  27  2:37  Stalker x2  
  31  2:45  Twilight Council  
  31  3:00  Nexus  
  31  3:03  Probe  
  32  3:12  Blink (Chrono Boost)  
  32  3:17  Probe  
  33  3:31  Probe  
  35  3:49  Gateway  
  35  3:51  Pylon  
  35  3:54  Gateway  
  35  3:58  Stalker  
  35  4:01  Stalker  
  38  4:04  Probe  
  39  4:12  Probe  
  39  4:16  Probe  
  41  4:25  Probe  
  41  4:29  Stalker x2  
  41  4:30  Probe  
  47  4:37  Probe  
  48  4:44  Probe  
  46  4:47  Stalker  
  46  4:49  Pylon  
  46  4:52  Probe  
  44  5:05  Shield Battery  
  44  5:08  Stalker  
  44  5:10  Probe  
  44  5:13  Probe  
  48  5:24  Probe (Chrono Boost)  
  48  5:25  Probe (Chrono Boost)  
  48  5:31  Charge (Chrono Boost)  
  48  5:37  Probe (Chrono Boost)  
  48  5:38  Probe (Chrono Boost)  
  48  5:45  Probe (Chrono Boost)  
  48  5:46  Probe (Chrono Boost)  
  50  5:51  Probe (Chrono Boost)  
  50  5:52  Probe (Chrono Boost)  
  52  6:00  Pylon  
  52  6:01  Probe  
  52  6:03  Stalker x2  
  52  6:04  Probe  
  58  6:13  Probe  
  58  6:15  Pylon  
  58  6:16  Probe  
  60  6:25  Probe  
  61  6:28  Stalker, Probe  
  64  6:33  Nexus  
  64  6:36  Pylon  
  64  6:37  Probe (Chrono Boost)  
  65  6:42  Shield Battery  
  65  6:44  Probe (Chrono Boost)  
  66  6:49  Probe (Chrono Boost)  
  68  6:55  Forge  
  68  6:58  Probe x2 (Chrono Boost)  
  69  7:04  Probe  
  69  7:06  Probe  
  71  7:16  Probe  
  71  7:18  Probe  
  73  7:26  Robotics Facility  
  73  7:28  Pylon, Probe  
  74  7:30  Probe  
  74  7:35  Stalker  
  77  7:38  Shield Battery  
  77  7:40  Pylon, Probe  
  77  7:42  Probe  
  71  7:47  Zealot x2  
  71  7:48  Probe  
Tags
 
Composition
Blink Stalkers
Matchup
ПvП
Spawn Locations
Cross Positions
Add a new tag
Caveats
  • Supply blocks, unpowered buildings, or Contaminate may cause inaccurate times.
  • Supply counts are checked every 10 seconds.